 Dungeon Crawl Stone Soup version 0.21.1-1-g345015f (webtiles) character file.

73 troglodite the Skirmisher (level 4, -4/37 HPs)
             Began as a Demonspawn Berserker on Mar 7, 2018.
             Was a Believer of Trog.
             Slain by Sigmund
             ... wielding a +0 scythe
              (10 damage)
             ... on level 2 of the Dungeon.
             The game lasted 00:03:33 (2061 turns).

troglodite the Skirmisher (Demonspawn Berserker)    Turns: 2061, Time: 00:03:34

Health: -4/37      AC:  2    Str: 17    XL:     4   Next: 8%
Magic:  4/4        EV: 12    Int:  9    God:    Trog [**....]
Gold:   11         SH:  0    Dex: 13    Spells: 3/3 levels left

rFire    . . .     SeeInvis .   a - +0 falchion
rCold    . . .     Gourm    .   (no shield)
rNeg     . . .     Faith    .   b - +0 animal skin
rPois    .         Spirit   .   (no helmet)
rElec    .         Reflect  .   (no cloak)
rCorr    .         Harm     .   (no gloves)
MR       .....                  (no boots)
Stlth    ++++......             (no amulet)
HPRegen  0.12/turn              (no ring)
MPRegen  0.09/turn              (no ring)

@: berserk cooldown
A: nightstalker 2, powered by death 1
a: Berserk, Trog's Hand, Burn Spellbooks, Renounce Religion


You were on level 2 of the Dungeon.
You worshipped Trog.
Trog was pleased with you.
You were near starving.

You visited 1 branch of the dungeon, and saw 2 of its levels.

You collected 11 gold pieces.

Inventory:

Hand Weapons
 a - a +0 falchion (weapon)
 i - a +0 hunting sling of velocity
Missiles
 j - 98 stones (quivered)
 m - 13 sling bullets
Armour
 b - a +0 animal skin (worn)
Scrolls
 g - 2 scrolls of identify {unknown}
 k - a scroll of amnesia {unknown}
 n - a scroll of remove curse {unknown}
Potions
 f - a potion of lignification {unknown}
 l - a potion of haste {unknown}
Comestibles
 c - 2 rations


   Skills:
 * Level 3.8 Fighting
 + Level 3.2 Long Blades
 * Level 2.0 Armour
 * Level 2.1 Dodging
 * Level 1.3 Stealth


You had 3 spell levels left.
You didn't know any spells.

Dungeon Overview and Level Annotations

Branches:
Dungeon (2/15)

Altars:

Annotations:
D:2 Sigmund


Innate Abilities, Weirdness & Mutations

You are significantly more attuned to the shadows.
You regenerate a little health from kills.


Message History

You bump into the rock wall.
Sigmund closely misses you.
You bump into the rock wall.
Sigmund barely misses you. Sigmund closely misses you.
You're too confused to move!
You feel yourself speed up.
Sigmund hits you from afar with a scythe.
* * * LOW HITPOINT WARNING * * *
You bump into the rock wall.
Sigmund barely misses you.
You bump into the rock wall.
Sigmund barely misses you.
Sigmund hits you from afar with a scythe.
* * * LOW HITPOINT WARNING * * *
You bump into the rock wall.
You feel less confused.
It was a potion of curing.
You feel better.
Sigmund points at you and mumbles some strange words.
The puff of flame hits you!
* * * LOW HITPOINT WARNING * * *
Sigmund hits you with a scythe!
You die...

#.##.# #### #..#.#
.... #.
####.#'#### ....
#. ...........#
.... #.
...........# ....
#. #.......>...#
####
#.###...........#
.#
#...#...........#
...
###@#...........#
#..
#@#...........# .
#.##.#......[....#
#....†...........#
####.....#########
#.....# #.......
#........
.........


You could see Sigmund.

Vanquished Creatures
  A worker ant (D:2)
  3 leopard geckos
  A ball python (D:2)
  3 bats
  6 giant cockroaches (D:1)
  7 goblins
  3 hobgoblins (D:1)
  6 jackals (D:1)
  3 kobolds (D:1)
  3 frilled lizards (D:1)
  3 rats (D:1)
39 creatures vanquished.

Notes
Turn   | Place    | Note
-------+----------+-------------------------------------------
     0 | D:1      | troglodite the Demonspawn Berserker began the quest for the Orb.
     0 | D:1      | Reached XP level 1. HP: 18/18 MP: 1/1
   233 | D:1      | Gained mutation: You are slightly more attuned to the shadows. [demonic ancestry]
   233 | D:1      | Reached XP level 2. HP: 21/24 MP: 2/2
   751 | D:1      | Gained mutation: You are significantly more attuned to the shadows. [demonic ancestry]
   751 | D:1      | Reached XP level 3. HP: 23/29 MP: 3/3
   868 | D:1      | Reached ** piety under Trog
  1556 | D:2      | Reached skill level 1 in Stealth
  1610 | D:2      | Gained mutation: You regenerate a little health from kills. [demonic ancestry]
  1610 | D:2      | Reached XP level 4. HP: 20/37 MP: 4/4
  2025 | D:2      | Noticed Sigmund
  2061 | D:2      | Slain by Sigmund

Skill      XL: |  1  2  3 |
---------------+----------+-----
Dodging        | 2 |  2.1
Long Blades    | 3 |  3.2
Armour         | 2 |  2.0
Stealth        | 1 |  1.3
Fighting       | |  3.8

Action                   |  1- 3 |  4- 6 || total
-------------------------+-------+-------++-------
Melee: Falchion          |   101 |     7 ||   108
Invok: Berserk           |     1 |     1 ||     2
  Use: Potion            |       |     2 ||     2
 Stab: Sleeping          |     7 |     1 ||     8
  Eat: Chunk             |     3 |     1 ||     4
Armor: Animal skin       |    17 |     1 ||    18
Dodge: Dodged            |    51 |    24 ||    75
       Rpst.: Falchion   |    23 |     1 ||    24
